 Dungeon Crawl Stone Soup version 0.25.1-2-g60ff931df9 (webtiles) character file.

Game seed: 12383044331856070754

48 DildoBatman the Magician (level 4, -11/30 HPs)
             Began as a Formicid Wizard on Nov 10, 2020.
             Killed by nerve-wracking pain
             ... invoked by Jessica
              (13 damage)
             ... on level 3 of the Dungeon.
             The game lasted 00:02:36 (1544 turns).

DildoBatman the Magician (Formicid Wizard)          Turns: 1544, Time: 00:02:37

Health: -11/30     AC:  2    Str: 12    XL:     4   Next: 0%
Magic:  7/8        EV: 12    Int: 18    God:
Gold:   34         SH:  0    Dex:  9    Spells: 8/9 levels left

rFire    . . .     SeeInvis +   d - +0 short sword
rCold    . . .     Gourm    .   (no shield)
rNeg     . . .     Faith    .   a - +0 robe
rPois    .         Spirit   .   (helmet unavailable)
rElec    .         Reflect  .   (no cloak)
rCorr    +         Harm     .   (no gloves)
MR       .....                  (no boots)
Stlth    ++........             (no amulet)
HPRegen  0.10/turn              f - ring of resist corrosion
MPRegen  0.11/turn              (no ring)

@: no status effects
A: permanent stasis, dig shafts and tunnels, four strong arms, antennae 3
a: Dig, Shaft Self


You were on level 3 of the Dungeon.
You were not hungry.

You visited 1 branch of the dungeon, and saw 3 of its levels.

You collected 34 gold pieces.

Inventory:

Hand Weapons
 d - a +0 short sword (weapon)
Missiles
 c - 73 stones (quivered)
 e - 17 arrows
 h - 24 bolts
Armour
 a - a +0 robe (worn)
Jewellery
 f - a ring of resist corrosion (left hand)
Scrolls
 k - a scroll of teleportation {unknown}
 l - a scroll of remove curse {unknown}
Potions
 b - 4 potions of curing {unknown}
 g - a potion of heal wounds {unknown}
 i - a potion of mutation {unknown}
 j - a potion of flight {unknown}
Comestibles
 m - a chunk of flesh
 v - a ration


   Skills:
 - Level 1.7 Dodging
 - Level 2.4 Stealth
 - Level 3.2 Spellcasting
 * Level 3.1 Conjurations
   Level 1.0 Summonings
   Level 0.8 Translocations


You had 8 spell levels left.
You knew the following spells:

 Your Spells              Type           Power        Failure   Level  Hunger
c - Magic Dart            Conj           ##..         4%          1    None

Your spell library contained the following spells:

 Spells                   Type           Power        Failure   Level  Hunger
 Call Imp                 Summ           #.......     16%         2    ##.....
 Slow                     Hex            #.......     24%         2    ##.....
 Conjure Flame            Conj/Fire      #.......     26%         3    ###....
 Mephitic Cloud           Conj/Pois/Air  #.......     30%         3    ###....
 Blink                    Tloc           Unusable     N/A         2    N/A

Dungeon Overview and Level Annotations

Branches:
Dungeon (2/15)

Altars:

Annotations:
D:3 Jessica


Innate Abilities, Weirdness & Mutations

You cannot be hasted, slowed, berserked, paralysed or teleported.
You can dig through walls and to a lower floor.
Your four strong arms can wield two-handed weapons with a shield.
You have a pair of large antennae on your head. (SInv)


Message History

Jessica hits you with a +0 club. What are your orders? t - Shout!
Orders for allies: a - Attack new target. r - Retreat! s - Stop attacking. g - Guard the area. f - Follow me.
Anything else - Cancel.
You shout for attention!
Jessica mumbles some strange words.
Jessica blinks!
What are your orders? t - Shout!
Orders for allies: a - Attack new target. r - Retreat! s - Stop attacking. g - Guard the area. f - Follow me.
Anything else - Cancel.
You shout for attention!
Jessica casts a spell at you. Pain shoots through your body!
You die...

...#
...#
.@.#
#..#
#..#
##..##
#.ยง..#
#.@#
#...#
#.#.#
...#.#
..# #.#
..##
#.# #
#.# #.#


You could see Jessica.

Vanquished Creatures
  An adder (D:2)
  2 worms (D:2)
  6 giant cockroaches
  6 goblins
  2 hobgoblins
  3 bats (D:1)
  3 frilled lizards
  7 kobolds (D:1)
  3 rats
  A toadstool (D:1)
34 creatures vanquished.

Vanquished Creatures (others)
  3 toadstools (D:1)
3 creatures vanquished.

Grand Total: 37 creatures vanquished

Notes
Turn   | Place    | Note
-------+----------+-------------------------------------------
     0 | D:1      | DildoBatman the Formicid Wizard began the quest for the
                  | Orb.
     0 | D:1      | Reached XP level 1. HP: 13/13 MP: 4/4
    21 | D:1      | Reached skill level 1 in Conjurations
   227 | D:1      | Reached XP level 2. HP: 13/19 MP: 3/6
   640 | D:1      | Reached XP level 3. HP: 22/24 MP: 0/7
  1518 | D:2      | Reached XP level 4. HP: 26/30 MP: 4/8
  1525 | D:2      | You fall into a shaft and drop 1 floor!
  1525 | D:3      | Noticed Jessica
  1544 | D:3      | Killed from afar by Jessica

Illustrated notes

Levels and vault maps discovered:
D:1:      ldierk_walled_garden_2, layout_basic
D:2:      layout_basic, chequers_temple_overflow_statue_of_worship,
          serial_bayou_lake_a
D:3:      minmay_roachtagon, layout_basic, kennysheep_ying_yang, uniq_jessica,
          uniq_sigmund, uniq_natasha

Skill      XL: |  1  2  3 |
---------------+----------+-----
Conjurations   | 1 2 3 |  3.1
Dodging        | |  1.7
Stealth        | |  2.4
Spellcasting   | |  3.2
Summonings     | |  1.0
Translocations | |  0.8

Action                   |  1- 3 |  4- 6 || total
-------------------------+-------+-------++-------
Melee: Short sword       |    33 |       ||    33
       Unarmed           |     4 |       ||     4
 Cast: Magic Dart        |    76 |     1 ||    77
 Abil: Dig               |     1 |       ||     1
       Shaft Self        |       |     1 ||     1
 Stab: Sleeping          |     1 |       ||     1
  Eat: Chunk             |     2 |       ||     2
Armor: Robe              |     7 |       ||     7
Dodge: Dodged            |    29 |     7 ||    36
